[Event "*** Titled Tuesday Blitz"]
[Site "Chess.com"]
[Date "2020.04.21"]
[Round "3"]
[White "yobdc"]
[Black "EugeneRougon"]
[Result "0-1"]
[WhiteElo "1749"]
[BlackElo "2711"]
[TimeControl "180+1"]
[EndTime "10:26:24 PDT"]
[Termination "EugeneRougon won by resignation"]

1. c4 d6 2. g3 g6 3. Bg2 Bg7 4. d4 Nd7 5. Nf3 e5 6. dxe5 dxe5 7. Nc3 Ngf6 8. O-O O-O 9. Bg5 c6 10. Ne4 h6 11. Nxf6+ Nxf6 12. Be3 Qe7 13. Qc1 Ng4 14. Bd2 e4 15. Ne1 Re8 16. Nc2 f5 17. h3 Ne5 18. Bxh6 Nxc4 19. Bxg7 Kxg7 20. Ne3 Ne5 21. Qc3 Qf6 22. Rad1 Be6 23. Rd6 Nf7 24. Rd2 Qxc3 25.
bxc3 Red8 26. Rfd1 Rxd2 27. Rxd2 Rd8 28. Rxd8 Nxd8 29.
f3 exf3 30. Bxf3 Bxa2 31. h4 a5 32. h5 a4 33. Kf2 Bb3 34. hxg6 Kxg6 35. Ng2 0-1

[Event "*** Titled Tuesday Blitz"]
[Site "Chess.com"]
[Date "2020.04.21"]
[Round "3"]
[White "vanea_03"]
[Black "FrogMist"]
[Result "1-0"]
[WhiteElo "2650"]
[BlackElo "2428"]
[TimeControl "180+1"]
[EndTime "10:26:24 PDT"]
[Termination "vanea_03 won by resignation"]

1. d4 Nf6 2. c4 g6 3. Nc3 d5 4.
cxd5 Nxd5 5. e4 Nxc3 6. bxc3 Bg7 7. Nf3 c5 8. Be3 Qa5 9. Qd2 Nc6 10. Rb1 a6 11. Rc1 f5 12. e5 Be6 13. d5 O-O-O 14. c4 Nb4 15. a3 Qxa3 16. Bxc5 a5 17. Be2 h5 18. O-O g5 19. Ra1 Qb3 20. Rfb1 Qc2 21. Bxb4 Qxd2 22. Bxd2 g4 23. Ng5 1-0

[Event "*** Titled Tuesday Blitz"]
[Site "Chess.com"]
[Date "2020.04.21"]
[Round "3"]
[White "Hangar-18"]
[Black "Agnes66678"]
[Result "1-0"]
[WhiteElo "2239"]
[BlackElo "2431"]
[TimeControl "180+1"]
[EndTime "10:26:24 PDT"]
[Termination "Hangar-18 won by resignation"]

1. b3 Nf6 2. Nf3 g6 3. Bb2 Bg7 4. e4 O-O 5. e5 Nd5 6. c4 Nb6 7. d4 d5 8. Be2 dxc4 9. bxc4 c5 10. d5 N8d7 11. O-O e6 12. dxe6 fxe6 13. Nc3 Nxe5 14. Qb3 Nc6 15. Ne4 Nd4 16. Nxd4 cxd4 17. Rad1 e5 18. c5+ Nd5 19. Bc4 Be6 20. Nd6 Kh8 21. Bxd5 Bxd5 22. Qxd5 Qe7 23. f4 exf4 24. Bxd4 Rad8 25.
Bxg7+ Qxg7 26. Qxb7 Rd7 27. Qe4 Qc3 28. Qd4+ Qxd4+ 29. Rxd4 Rc7 30. Rc1 g5 31. Nb5 Rc6 32. Rd6 1-0

[Event "*** Titled Tuesday Blitz"]
[Site "Chess.com"]
[Date "2020.04.21"]
[Round "3"]
[White "wnstop"]
[Black "Egorov_Pavel"]
[Result "1-0"]
[WhiteElo "2591"]
[BlackElo "2372"]
[TimeControl "180+1"]
[EndTime "10:26:26 PDT"]
[Termination "wnstop won by resignation"]

1. e4 Nf6 2. e5 Nd5 3. d4 d6 4. Nf3 g6 5. Bc4 Nb6 6. Bb3 Bg7 7. a4 a5 8. Qe2 O-O 9. O-O Bg4 10. e6 d5 11.
exf7+ Rxf7 12. Nbd2 Bxd4 13. h3 Bxf3 14. Nxf3 Bg7 15.
Ng5 Rf5 16. Qe6+ Kh8 17. Qxf5 gxf5 18. Nf7+ Kg8 19. Nxd8 c5 20. Be3 N8d7 21. Ne6 c4 22.
Nxg7 Kxg7 23. Ba2 e5 24. f4 d4 25. Bf2 Rd8 26. Rad1 Nxa4 27. fxe5 Nxb2 28. Rxd4 1-0

[Event "*** Titled Tuesday Blitz"]
[Site "Chess.com"]
[Date "2020.04.21"]
[Round "3"]
[White "Anton_Demchenko"]
[Black "yoolund"]
[Result "1-0"]
[WhiteElo "2836"]
[BlackElo "2554"]
[TimeControl "180+1"]
[EndTime "10:26:28 PDT"]
[Termination "Anton_Demchenko won by resignation"]

1. d4 Nf6 2. Nf3 g6 3. Bf4 Bg7 4. c3 d6 5. Nbd2 Nc6 6. e4 O-O 7. Be2 Nd7 8. h4 e5 9. dxe5 Ncxe5 10. h5 Nxf3+ 11. gxf3 Nb6 12. hxg6 hxg6 13. Qc2 d5 14. O-O-O Be6 15. Nb3 Qe7 16. Nd4 Rad8 17. Rdg1 c5 18. Nf5 Bxf5 19. exf5 d4 20. fxg6 dxc3 21. gxf7+ Rxf7 22. Qh7+ 1-0

[Event "*** Titled Tuesday Blitz"]
[Site "Chess.com"]
[Date "2020.04.21"]
[Round "3"]
[White "sganerdene"]
[Black "Treacherous_horse64"]
[Result "1-0"]
[WhiteElo "2661"]
[BlackElo "2419"]
[TimeControl "180+1"]
[EndTime "10:26:31 PDT"]
[Termination "sganerdene won by resignation"]

1. e4 c6 2. d4 d5 3. Nc3 b5 4. exd5 b4 5. Ne4 cxd5 6. Ng3 e6 7.
Nf3 Nf6 8. Bd3 a5 9. O-O Ba6 10. c3 bxc3 11. bxc3 Bd6 12. Bxa6 Rxa6 13. Rb1 O-O 14. Re1 Bxg3 15. hxg3 Ne4 16. Qd3 Rc6 17. c4 Rxc4 18. Rxe4 dxe4 19. Qxc4 exf3 20. gxf3 Qc8 21. Qa4 Nc6 22. Ba3 Nb4 23. Qxa5 Nc6 24. Qb6 Rd8 25.
Rc1 Qa8 26. Rxc6 Rb8 27. Qa6 1-0

[Event "*** Titled Tuesday Blitz"]
[Site "Chess.com"]
[Date "2020.04.21"]
[Round "3"]
[White "Alexchess1984"]
[Black "Gyapiking"]
[Result "1-0"]
[WhiteElo "2570"]
[BlackElo "2325"]
[TimeControl "180+1"]
[EndTime "10:26:31 PDT"]
[Termination "Alexchess1984 won by checkmate"]

1. e4 d6 2. Nc3 g6 3. d4 c6 4. h4 Nf6 5. f3 b5 6. g4 b4 7. Nce2 a5 8. h5 gxh5 9. g5 Nfd7 10. Ng3 Nb6 11. Nxh5 Ba6 12. Bxa6 Nxa6 13. Ne2 Qd7 14. Qd3 Nc7 15. a3 bxa3 16. Rxa3 a4 17. Ra1 Nb5 18. c4 Nc7 19. Nc3 d5 20. cxd5 cxd5 21. e5 Nc4 22. b3 axb3 23. Rxa8+ Nxa8 24. Kf2 Nab6 25. Bf4 b2 26.
Rb1 Qe6 27. Nd1 Qg6 28. Nxb2 Qxh5 29. Nxc4 dxc4 30. Qe4 Bg7 31. Qc6+ Kf8 32. Qa8+ Nxa8 33. Rb8# 1-0

[Event "*** Titled Tuesday Blitz"]
[Site "Chess.com"]
[Date "2020.04.21"]
[Round "3"]
[White "talman67"]
[Black "Kawhi_Leonard2"]
[Result "1-0"]
[WhiteElo "2561"]
[BlackElo "2296"]
[TimeControl "180+1"]
[EndTime "10:26:31 PDT"]
[Termination "talman67 won by resignation"]

1. e4 c5 2. Nf3 d6 3. d4 cxd4 4. Nxd4 Nf6 5. Nc3 g6 6. Be3 Bg7 7. f3 O-O 8. Qd2 Nc6 9. O-O-O d5 10. exd5 Nxd5 11. Nxc6 bxc6 12. Bd4 Bxd4 13. Qxd4 Qb6 14.
Na4 Qc7 15. Nc5 Rd8 16. Bc4 Rd6 17. g4 Nf4 18. Qe3 e5 19. Rxd6 Qxd6 20. Rd1 Qc7 21. Ne4 Kg7 22. Nd6 Be6 23. Qxe5+ f6 24. Qxf4 Bxc4 25.
Ne8+ 1-0

[Event "*** Titled Tuesday Blitz"]
[Site "Chess.com"]
[Date "2020.04.21"]
[Round "3"]
[White "ChristianAlm"]
[Black "kinga2008"]
[Result "1-0"]
[WhiteElo "2448"]
[BlackElo "2187"]
[TimeControl "180+1"]
[EndTime "10:26:32 PDT"]
[Termination "ChristianAlm won by resignation"]

1. d4 g6 2. e4 Bg7 3. Nc3 d6 4. Be3 Nf6 5. f3 O-O 6. Qd2 Nbd7 7. h4 h5 8. O-O-O e5 9. Nh3 c6 10. dxe5 Nxe5 11. Qxd6 Qxd6 12. Rxd6 Bxh3 13. Rxh3 Rad8 14.
Rxd8 Rxd8 15. Bg5 Rd7 16. Be2 Nh7 17. Be3 a5 18. Rh1 b5 19. Rd1 Rxd1+ 20. Nxd1 Bf6 21. g3 g5 22. hxg5 Be7 23. f4 Ng6 24. Bxh5 Kg7 25. Bd4+ f6 26. gxf6+ Nxf6 27. Bxg6 Kxg6 28. Bxf6 Bxf6 29.
g4 Bd4 30. Kd2 Bg1 31. Ke2 Kf6 32. Kf3 c5 33. e5+ Ke6 34. Ke4 Bh2 35. f5+ Ke7 36. g5 Kf7 37. g6+ Kg7 38. Ne3 a4 39. b3 axb3 40. axb3 Bg3 41. Nd5 1-0

[Event "*** Titled Tuesday Blitz"]
[Site "Chess.com"]
[Date "2020.04.21"]
[Round "3"]
[White "12teen"]
[Black "kingofthenil"]
[Result "1-0"]
[WhiteElo "2761"]
[BlackElo "2530"]
[TimeControl "180+1"]
[EndTime "10:26:35 PDT"]
[Termination "12teen won by resignation"]

1. g3 d5 2. Bg2 Nf6 3. d3 e6 4. Nc3 Be7 5. Bd2 c5 6. e4 Nc6 7. f4 O-O 8. Nf3 dxe4 9. dxe4 b6 10. Be3 Ba6 11. Qd2 Qxd2+ 12. Nxd2 Nd4 13. O-O-O e5 14. h3 Rad8 15. fxe5 Nd7 16. Nd5 Nc6 17. Bf4 Bb7 18. Nc4 Rfe8 19. e6 fxe6 20. Nc7 1-0

[Event "*** Titled Tuesday Blitz"]
[Site "Chess.com"]
[Date "2020.04.21"]
[Round "3"]
[White "Disturbed01"]
[Black "Munkhzul_Turmunkh"]
[Result "1-0"]
[WhiteElo "2661"]
[BlackElo "2435"]
[TimeControl "180+1"]
[EndTime "10:26:35 PDT"]
[Termination "Disturbed01 won by resignation"]

1. d4 Nf6 2. c4 e6 3. Nc3 Bb4 4. Qc2 O-O 5. Nf3 c5 6. dxc5 Na6 7. g3 Nxc5 8. Bg2 Nce4 9. O-O Nxc3 10. bxc3 Be7 11. e4 d6 12. e5 dxe5 13. Nxe5 Qc7 14. Re1 Nd7 15. Bf4 Nxe5 16. Bxe5 Bd6 17. Qe2 Bxe5 18. Qxe5 Qxc4 19. Red1 a5 20. Rd2 f6 21. Qe3 Qc7 22. Rad1 e5 23. Bd5+ Kh8 24. h4 Bf5 25. Qf3 Bg6 26. h5 Bf7 27. h6 Bxd5 28. Rxd5 Rad8 29. hxg7+ Kxg7 30. Qg4+ Kh8 31. Rd7 Rg8 32. Qf5 1-0

[Event "*** Titled Tuesday Blitz"]
[Site "Chess.com"]
[Date "2020.04.21"]
[Round "3"]
[White "adricalderon8"]
[Black "tan275"]
[Result "1-0"]
[WhiteElo "2421"]
[BlackElo "2149"]
[TimeControl "180+1"]
[EndTime "10:26:35 PDT"]
[Termination "adricalderon8 won by resignation"]

1. e4 c6 2. Nf3 d5 3. Nc3 Nf6 4. e5 Ne4 5. d4 Nxc3 6. bxc3 c5 7. Bb5+ Bd7 8. Qe2 e6 9. O-O Bxb5 10. Qxb5+ Qd7 11. Qxd7+ Nxd7 12. Rb1 b6 13. Ba3 Be7 14. Nd2 cxd4 15. Bxe7 Kxe7 16. cxd4 Rhc8 17. Rfc1 Rc3 18.
Kf1 Rac8 19. Rb2 f6 20. f4 a6 21. Nb1 R3c4 22. c3 b5 23. Ke2 Nb6 24. Kd3 fxe5 25. fxe5 Na4 26. Rf2 b4 27. Rcf1 Kd7 28. Rf7+ Kc6 29.
cxb4 Nb2+ 30. Ke3 Rc3+ 31. Nxc3 1-0

[Event "*** Titled Tuesday Blitz"]
[Site "Chess.com"]
[Date "2020.04.21"]
[Round "3"]
[White "murtas73"]
[Black "jefferyx"]
[Result "1-0"]
[WhiteElo "2600"]
[BlackElo "2839"]
[TimeControl "180+1"]
[EndTime "10:26:37 PDT"]
[Termination "murtas73 won by resignation"]

1. d4 d5 2. c4 dxc4 3. e3 Nf6 4. Bxc4 e6 5. Nf3 c5 6. O-O Nc6 7. Qe2 a6 8. Rd1 b5 9. Bb3 c4 10. Bc2 Nb4 11. Nc3 Nxc2 12. Qxc2 Bb7 13. a3 Bxf3 14. gxf3 Be7 15. e4 O-O 16. Bf4 Nh5 17. Bg3 Qb6 18. d5 Rad8 19. e5 exd5 20. Nxd5 Qe6 21. Qe4 Bc5 22. f4 f5 23. Qf3 Rd7 24. Nc3 Nxg3 25. hxg3 Rfd8 26. Rxd7 Rxd7 27. Rd1 Bd4 28. Kg2 Kf7 29. Rd2 Bxc3 30. Qxc3 Qc6+ 31. Kg1 Ke6 32. Rxd7 Qxd7 33. Qa5 Qd1+ 34. Kh2 Qb3 35. Qxa6+ Kd5 36.
Qb7+ Kd4 37. e6 1-0

[Event "*** Titled Tuesday Blitz"]
[Site "Chess.com"]
[Date "2020.04.21"]
[Round "3"]
[White "abhijeetgupta1016"]
[Black "manitodeplomo"]
[Result "0-1"]
[WhiteElo "2903"]
[BlackElo "2612"]
[TimeControl "180+1"]
[EndTime "10:26:38 PDT"]
[Termination "manitodeplomo won by resignation"]

1. d4 c5 2. d5 g6 3. e4 Bg7 4.
Nf3 d6 5. a4 Nf6 6. Nc3 O-O 7.
Be2 e6 8. O-O exd5 9. exd5 Na6 10. h3 Nb4 11. Bg5 h6 12. Bh4 Bf5 13. Rc1 Re8 14.
Qd2 g5 15. Bg3 Ne4 16. Nxe4 Bxe4 17. c4 f5 18. Rfe1 f4 19. Bh2 Qf6 20. b3 Qb2 21. Qd1 Na2 22. Nd2 Qxc1 23. Qxc1 Nxc1 24. Rxc1 Bxd5 25.
Bd3 Bc6 26. g3 fxg3 27. Bxg3 Be5 28. Kh2 Bxg3+ 29. Kxg3 Re5 30. Nf1 Rf8 31. Nh2 h5 32. f3 Re3 33. Rd1 Bxf3 34. Nxf3 Rfxf3+ 0-1

[Event "*** Titled Tuesday Blitz"]
[Site "Chess.com"]
[Date "2020.04.21"]
[Round "3"]
[White "djano"]
[Black "CzechmVIII"]
[Result "1-0"]
[WhiteElo "2462"]
[BlackElo "2220"]
[TimeControl "180+1"]
[EndTime "10:26:38 PDT"]
[Termination "djano won by resignation"]

1. Nf3 c5 2. c4 Nf6 3. g3 b6 4. Bg2 Bb7 5. O-O e6 6. d4 cxd4 7. Qxd4 d6 8. b3 Be7 9. Rd1 Nbd7 10. Nc3 O-O 11. Nb5 d5 12. Bb2 a6 13. Nc3 dxc4 14.
Qxc4 Rc8 15. Qf4 Qc7 16. Rac1 Qxf4 17. gxf4 Nc5 18. Ne5 Bxg2 19. Kxg2 Nfe4 20. Nxe4 Nxe4 21. Kf3 Rxc1 22. Rxc1 Nf6 23. Rc6 Bc5 24. Nd3 h5 25. b4 Be7 26. Rxb6 Rc8 27. Rxa6 Rc2 28. Bxf6 Bxf6 29. b5 Kf8 30. b6 Rc6 1-0

[Event "*** Titled Tuesday Blitz"]
[Site "Chess.com"]
[Date "2020.04.21"]
[Round "3"]
[White "Ceejay271"]
[Black "LifeIsAllAboutChess23"]
[Result "0-1"]
[WhiteElo "2282"]
[BlackElo "2019"]
[TimeControl "180+1"]
[EndTime "10:26:39 PDT"]
[Termination "LifeIsAllAboutChess23 won by resignation"]

1. d4 f5 2. Nc3 Nf6 3. Bg5 e6 4. e4 fxe4 5. Nxe4 Be7 6. Bxf6 Bxf6 7. Nf3 O-O 8. Bd3 b6 9. h4 Bb7 10. c3 h6 11. Qc2 d6 12. O-O-O Nd7 13. Kb1 d5 14.
Neg5 hxg5 15. hxg5 Bxg5 16. Bh7+ Kh8 17. Nxg5 Qxg5 18.
Bf5+ Kg8 19. Bxe6+ Rf7 20. Qh7+ Kf8 21. Bxf7 Kxf7 22.
Rh3 Nf6 23. Qd3 Bc8 24. Rg3 Qh5 25. Re1 Bf5 0-1

[Event "*** Titled Tuesday Blitz"]
[Site "Chess.com"]
[Date "2020.04.21"]
[Round "3"]
[White "Sanan_Sjugirov"]
[Black "ama18"]
[Result "1-0"]
[WhiteElo "2844"]
[BlackElo "2468"]
[TimeControl "180+1"]
[EndTime "10:26:40 PDT"]
[Termination "Sanan_Sjugirov won on time"]

1. e4 c5 2. Nf3 d6 3. Bb5+ Bd7 4. Bxd7+ Qxd7 5. O-O Nf6 6. d4 cxd4 7. Qxd4 Nc6 8. Qd3 g6 9. c4 Bg7 10. Nc3 O-O 11.
h3 Rfc8 12. Rb1 Qd8 13. b3 Nd7 14. Bb2 Nc5 15. Qe2 Ne6 16. Rfd1 a6 17. Nd5 Bxb2 18. Qxb2 b5 19. Rbc1 bxc4 20. Rxc4 f6 21. Rdc1 Na7 22. Nd4 Rxc4 23. Rxc4 Nxd4 24. Qxd4 Nb5 25. Qd2 e6 26. a4 Na3 27. Rc7 Qf8 28. Ne7+ Kh8 29. Qxd6 Nb1 30.
Qd7 Qg7 31. Rc8+ 1-0

[Event "*** Titled Tuesday Blitz"]
[Site "Chess.com"]
[Date "2020.04.21"]
[Round "3"]
[White "KhamzinOlzhas"]
[Black "Triumphmate"]
[Result "1-0"]
[WhiteElo "2578"]
[BlackElo "2562"]
[TimeControl "180+1"]
[EndTime "10:26:41 PDT"]
[Termination "KhamzinOlzhas won by resignation"]

1. e4 d5 2. exd5 Nf6 3. c4 Bg4 4. Nf3 c6 5. d4 cxd5 6. Nc3 e6 7. Qb3 Qc8 8. Ne5 Bf5 9. cxd5 exd5 10. Bb5+ Nc6 11.
O-O Bd6 12. Nxd5 O-O 13. Bxc6 bxc6 14. Nxf6+ gxf6 15. Qg3+ Bg6 16. Nxg6 fxg6 17. Qxd6 1-0

[Event "*** Titled Tuesday Blitz"]
[Site "Chess.com"]
[Date "2020.04.21"]
[Round "3"]
[White "promen1999"]
[Black "InfiniteAdaption"]
[Result "1-0"]
[WhiteElo "2924"]
[BlackElo "2474"]
[TimeControl "180+1"]
[EndTime "10:26:46 PDT"]
[Termination "promen1999 won on time"]

1. d4 d6 2. Nf3 g6 3. g3 Bg7 4. Bg2 c5 5. O-O Nf6 6. dxc5 dxc5 7. Qxd8+ Kxd8 8. Na3 Nfd7 9. c3 a6 10. Rd1 Nc6 11.
Ng5 Ke8 12. Nc4 h6 13. Ne4 f5 14.
Ned2 Nce5 15. a4 Rb8 16. a5 Rf8 17. f4 Ng4 18. h3 Ngf6 19. Nb3 e6 20. Be3 b5 21.
axb6 Nxb6 22. Nd6+ Ke7 23. Bxc5 Kd7 24. Nxf5+ Nbd5 25. Nxg7 Rf7 26. Na5 Kc7 27. e4 1-0

[Event "*** Titled Tuesday Blitz"]
[Site "Chess.com"]
[Date "2020.04.21"]
[Round "3"]
[White "RichardWe"]
[Black "Karina_Ivanova"]
[Result "0-1"]
[WhiteElo "2425"]
[BlackElo "2226"]
[TimeControl "180+1"]
[EndTime "10:26:47 PDT"]
[Termination "Karina_Ivanova won by resignation"]

1. d4 Nf6 2. c4 e6 3. Nf3 Bb4+ 4. Bd2 a5 5. e3 O-O 6. Bd3 c5 7. O-O cxd4 8. exd4 d5 9. c5 b6 10. a3 Bxd2 11. Qxd2 bxc5 12. dxc5 Nc6 13. Nc3 a4 14. Bb5 Bd7 15. Nxa4 Ne4 16. Qe2 Ra5 17. Nb6 Be8 18.
Bxc6 Bxc6 19. b4 Bb5 20. Qb2 Bxf1 21. bxa5 Ba6 22. Rc1 Qc7 23. c6 f6 24. a4 Rd8 25. Nd4 Kf7 26. Nb5 Bxb5 27. axb5 d4 28. Nc4 d3 29. b6 Qf4 30. c7 d2 31. cxd8=Q Qxf2+ 0-1

[Event "*** Titled Tuesday Blitz"]
[Site "Chess.com"]
[Date "2020.04.21"]
[Round "3"]
[White "dey2580"]
[Black "RD4ever"]
[Result "1/2-1/2"]
[WhiteElo "2477"]
[BlackElo "2823"]
[TimeControl "180+1"]
[EndTime "10:26:48 PDT"]
[Termination "Game drawn by repetition"]

1. d4 Nf6 2. Nf3 d5 3. c4 e6 4. Nc3 dxc4 5. e3 a6 6. a4 b6 7. Bxc4 Bb7 8. O-O Bb4 9. Qe2 Nbd7 10. Rd1 O-O 11. Ne5 Nxe5 12. dxe5 Nd7 13. Na2 Be7 14.
e4 Qc8 15. Bf4 Rd8 16. h4 Bxh4 17. Qg4 Be7 18. Bxe6 fxe6 19. Qxe6+ Kf8 20. Qf5+ Kg8 21. Qe6+ Kf8 22. Qf5+ Kg8 23. Qe6+ 1/2-1/2

[Event "*** Titled Tuesday Blitz"]
[Site "Chess.com"]
[Date "2020.04.21"]
[Round "3"]
[White "r31415"]
[Black "kungmongmanh"]
[Result "0-1"]
[WhiteElo "2370"]
[BlackElo "2590"]
[TimeControl "180+1"]
[EndTime "10:26:51 PDT"]
[Termination "kungmongmanh won by resignation"]

1. e4 e6 2. d4 d5 3. Nc3 Nf6 4. e5 Nfd7 5. f4 c5 6. Nf3 Be7 7. Be3 Nc6 8. dxc5 Bxc5 9. Qd2 a6 10. O-O-O b5 11. Kb1 Qb6 12. Bxc5 Nxc5 13. Bd3 b4 14. Ne2 a5 15. g4 a4 16. Ng3 b3 17. a3 bxc2+ 18. Bxc2 Rb8 19. Qc1 Na5 20. Nd2 Ba6 21.
Nh5 O-O 22. h4 Bd3 23. Rh3 Rfc8 24. Rdh1 Bxc2+ 25. Qxc2 Nd3 26. Nc4 0-1

[Event "*** Titled Tuesday Blitz"]
[Site "Chess.com"]
[Date "2020.04.21"]
[Round "3"]
[White "GMMarcinDziuba"]
[Black "Infernal_XaM"]
[Result "1-0"]
[WhiteElo "2695"]
[BlackElo "2932"]
[TimeControl "180+1"]
[EndTime "10:26:52 PDT"]
[Termination "GMMarcinDziuba won by resignation"]

1. Nf3 e6 2. g3 f5 3. Bg2 g6 4.
O-O Bg7 5. c4 c5 6. d4 cxd4 7.
Nxd4 Nf6 8. Nb5 O-O 9. Bf4 Nc6 10.
Bd6 Rf7 11. Nc7 Rb8 12. Nc3 a6 13. c5 Ng4 14. Nxe6 dxe6 15. Bxc6 bxc6 16. Bxb8 Rd7 17.
Qa4 Rd4 18. Qxc6 Bd7 19. Qb6 Qe8 20. Rad1 g5 21. h3 Nh6 22. Rxd4 Bxd4 23. Rd1 e5 24. Qxh6 Qxb8 25. Qxg5+ Kf7 26. e3 1-0

[Event "*** Titled Tuesday Blitz"]
[Site "Chess.com"]
[Date "2020.04.21"]
[Round "3"]
[White "Riptide27"]
[Black "Charlottemillard17"]
[Result "1-0"]
[WhiteElo "2480"]
[BlackElo "1385"]
[TimeControl "180+1"]
[EndTime "10:26:52 PDT"]
[Termination "Riptide27 won by checkmate"]

1. d4 d5 2. c4 e6 3. Nc3 Nf6 4.
cxd5 exd5 5. Bg5 c6 6. e3 Be7 7. Qc2 h6 8. Bh4 g5 9. Bg3 Nbd7 10. Bd3 Nf8 11. Nge2 Bd6 12. h4 Bxg3 13. Nxg3 gxh4 14. Nf5 Bxf5 15. Bxf5 N6d7 16. O-O-O a5 17. e4 Nb6 18. Rhe1 Ne6 19. exd5 cxd5 20. Bxe6 fxe6 21. Qg6+ Kf8 22. Qxe6 Qg5+ 23. Kb1 Nc4 24. f4 Qxg2 25. Qf6+ Kg8 26. Rg1 Qxg1 27. Rxg1+ Kh7 28. Qg7# 1-0

[Event "*** Titled Tuesday Blitz"]
[Site "Chess.com"]
[Date "2020.04.21"]
[Round "3"]
[White "dennisodessa"]
[Black "csati17"]
[Result "1-0"]
[WhiteElo "2302"]
[BlackElo "2534"]
[TimeControl "180+1"]
[EndTime "10:26:54 PDT"]
[Termination "dennisodessa won by resignation"]

1. d4 Nf6 2. c4 g6 3. Nc3 d5 4. Bg5 Ne4 5. Nxe4 dxe4 6. e3 Bg7 7.
Qd2 c5 8. d5 Qb6 9. Rb1 Nd7 10.
Ne2 Ne5 11. Nc3 Bf5 12. Be2 Qb4 13. d6 e6 14. a3 Qa5 15. b4 Qxa3 16. Nb5 O-O 17.
Nxa3 1-0

[Event "*** Titled Tuesday Blitz"]
[Site "Chess.com"]
[Date "2020.04.21"]
[Round "3"]
[White "cassoulet"]
[Black "zajka-molotok"]
[Result "1-0"]
[WhiteElo "2649"]
[BlackElo "2415"]
[TimeControl "180+1"]
[EndTime "10:26:55 PDT"]
[Termination "cassoulet won by resignation"]

1. e4 e6 2. d4 d5 3. Bd3 dxe4 4. Bxe4 Nf6 5. Bf3 Nbd7 6. Nc3 Bd6 7. Nge2 e5 8. O-O O-O 9. Bg5 h6 10. Bh4 c6 11. d5 cxd5 12. Nxd5 e4 13. Bxe4 g5 14. Ndc3 Bxh2+ 15. Kxh2 gxh4 16. Qd6 Qe8 17. Qf4 Qe5 18. Rad1 Qxf4+ 19. Nxf4 Nxe4 20. Nxe4 Ne5 21. Rfe1 Bg4 22. Nf6+ Kg7 23. N6h5+ Bxh5 24. Nxh5+ Kg6 25. Rxe5 f6 26. Nf4+ 1-0

[Event "*** Titled Tuesday Blitz"]
[Site "Chess.com"]
[Date "2020.04.21"]
[Round "3"]
[White "Igrok3069"]
[Black "Megagigahiper3345"]
[Result "1-0"]
[WhiteElo "2781"]
[BlackElo "2569"]
[TimeControl "180+1"]
[EndTime "10:26:56 PDT"]
[Termination "Igrok3069 won by resignation"]

1. d4 f5 2. c4 Nf6 3. Nc3 e6 4. e3 b6 5. Bd3 Bb7 6. f3 Bb4 7. Ne2 c5 8. O-O O-O 9. a3 cxd4 10. axb4 dxc3 11. Nxc3 Nc6 12. b5 Ne5 13. Be2 Qc7 14.
Qd4 Rfc8 15. Ra4 Nf7 16. Rd1 d6 17. Bd2 Nd7 18. Be1 Nc5 19. Ra3 e5 20. Qd2 a5 21.
bxa6 Bxa6 22. Nd5 Qb7 23. b4 Bxc4 24. Rxa8 Rxa8 25. Bxc4 Ne6 26. Nxb6 1-0

[Event "*** Titled Tuesday Blitz"]
[Site "Chess.com"]
[Date "2020.04.21"]
[Round "3"]
[White "Izoria123"]
[Black "Rud_Makarian"]
[Result "0-1"]
[WhiteElo "2787"]
[BlackElo "2633"]
[TimeControl "180+1"]
[EndTime "10:26:58 PDT"]
[Termination "Rud_Makarian won by resignation"]

1. Nf3 g6 2. e4 d6 3. d4 Nf6 4. Bd3 Bg7 5. O-O O-O 6. c3 Nc6 7. d5 Nb8 8. c4 Nbd7 9. Nc3 Nc5 10.
Bc2 a5 11. Be3 e6 12. Qd2 exd5 13. exd5 Nfd7 14. Bd4 Nb6 15. b3 Bd7 16. Rae1 Re8 17.
Ng5 Bxd4 18. Rxe8+ Bxe8 19. Qxd4 Qxg5 20. f4 Qe7 21. f5 Qe5 22. Qd2 Bd7 23. f6 Re8 24. Nd1 h5 25. Qh6 Qd4+ 26. Nf2 Qxf6 27. Ng4 Qd4+ 28. Kh1 hxg4 29. Bxg6 fxg6 0-1

[Event "*** Titled Tuesday Blitz"]
[Site "Chess.com"]
[Date "2020.04.21"]
[Round "3"]
[White "vladimirdamjanovic"]
[Black "Igor_Lysyj"]
[Result "1/2-1/2"]
[WhiteElo "2631"]
[BlackElo "2805"]
[TimeControl "180+1"]
[EndTime "10:26:59 PDT"]
[Termination "Game drawn by agreement"]

1. d4 d5 2. c4 e6 3. Nc3 dxc4 4. e3 Nf6 5. Bxc4 a6 6. Nf3 b5 7. Be2 Bb7 8. O-O Nbd7 9. b3 Be7 10. Bb2 O-O 11. Rc1 c5 12. dxc5 Nxc5 13. Qxd8 Rfxd8 14. Rfd1 Kf8 15. Ne5 Rxd1+ 16. Rxd1 Rc8 17. f3 Ke8 18. Kf2 Nd5 19. Nxd5 Bxd5 20. Nd3 f6 21. Nxc5 Bxc5 22. Bd3 h6 23. Ke2 Bd6 24. h3 Ke7 25. Rc1 Rxc1 26.
Bxc1 f5 27. g4 Kf6 28. e4 fxe4 29. Bxe4 Bxe4 30. fxe4 Be5 31. Kf3 Ke7 32. Ba3+ Kf7 33. Bc5 g6 34. Bb4 h5 35. Bc5 Bc7 36. Bb4 Be5 1/2-1/2

[Event "*** Titled Tuesday Blitz"]
[Site "Chess.com"]
[Date "2020.04.21"]
[Round "3"]
[White "Cecile-Haussernot"]
[Black "flomarechot"]
[Result "1-0"]
[WhiteElo "2353"]
[BlackElo "2104"]
[TimeControl "180+1"]
[EndTime "10:26:59 PDT"]
[Termination "Cecile-Haussernot won by resignation"]

1. e4 e6 2. d4 d5 3. Nc3 dxe4 4. Nxe4 Bd7 5. Bd3 Bc6 6. c3 Nd7 7. Ne2 Ngf6 8. Qc2 Nxe4 9. Bxe4 Bxe4 10. Qxe4 c6 11.
O-O Nf6 12. Qf3 Qd5 13. Qg3 Ne4 14. Qd3 Be7 15. Nf4 Qf5 16. Qf3 Nd6 17. Re1 g5 18. Re5 Qc2 19. Nh5 O-O-O 20. Bxg5 Bxg5 21. Rxg5 Qxb2 22. Rf1 Rhg8 23. Rc5 Qb6 24. Nf6 Rg6 25. Ng4 Qc7 26.
Ne5 Rg7 27. Nxc6 Kd7 28. Ne5+ Kc8 29. Rxc7+ Kxc7 30. Qf6 Rdg8 31. Qe7+ Kc8 32. Qd7+ 1-0

[Event "*** Titled Tuesday Blitz"]
[Site "Chess.com"]
[Date "2020.04.21"]
[Round "3"]
[White "UCantHandleDenker"]
[Black "energie73"]
[Result "1-0"]
[WhiteElo "2524"]
[BlackElo "2236"]
[TimeControl "180+1"]
[EndTime "10:27:01 PDT"]
[Termination "UCantHandleDenker won by checkmate"]

1. Nf3 Nf6 2. g3 g6 3. Bg2 Bg7 4. O-O O-O 5. c4 d6 6. Nc3 Nc6 7. d3 e5 8. Rb1 a5 9. a3 h6 10. b4 axb4 11. axb4 Be6 12. b5 Ne7 13. Bb2 Qd7 14. Re1 Bh3 15. Bh1 Ng4 16. d4 Qf5 17. e4 Qh5 18. dxe5 dxe5 19. Nd5 Nxd5 20. cxd5 f5 21. Rc1 fxe4 22. Rxe4 Rf7 23. d6 cxd6 24. Qxd6 Raf8 25. Rc7 Rxf3 26. Bxf3 Rxf3 27. Qe7 Bg2 28. Qxg7# 1-0

[Event "*** Titled Tuesday Blitz"]
[Site "Chess.com"]
[Date "2020.04.21"]
[Round "3"]
[White "VALPARAISO37"]
[Black "Blagorod"]
[Result "1-0"]
[WhiteElo "2353"]
[BlackElo "2121"]
[TimeControl "180+1"]
[EndTime "10:27:02 PDT"]
[Termination "VALPARAISO37 won on time"]

1. d4 d5 2. c4 Nc6 3. Nf3 Bg4 4. Nc3 e6 5. cxd5 exd5 6. Bf4 Nf6 7. e3 Bb4 8. Rc1 O-O 9. Bd3 Nh5 10. Bg3 Nxg3 11.
hxg3 h6 12. Kf1 Ne7 13. Ne2 c6 14. Nf4 Bf5 15. Ne5 Bd6 16. Rh5 Bxd3+ 17. Qxd3 Bxe5 18. dxe5 Qb6 19. b3 Qa5 20. Qc2 Qb5+ 21. Kg1 a5 22. e6 a4 23. exf7+ Rxf7 24. Ne6 axb3 25. axb3 Ra3 26. Rb1 Qa5 27. Kh2 Ra2 28. Rb2 Rxb2 29. Qxb2 Qe1 30. f4 Qxe3 31. Re5 Qb6 32. b4 Qa7 33. g4 Qb8 34. Qd4 Ng6 35. Rf5 Rxf5 36. gxf5 Ne5 37. fxe5 1-0